 Dungeon Crawl Stone Soup version 0.21.1-1-g345015f (webtiles) character file.

179 Kairos the Poker (level 5, -1/39 HPs)
             Began as a Merfolk Skald on Mar 26, 2018.
             Slain by a gnoll
             ... wielding a +0 spear
              (3 damage)
             ... on level 3 of the Dungeon.
             The game lasted 00:06:11 (3993 turns).

Kairos the Poker (Merfolk Skald)                    Turns: 3993, Time: 00:06:12

Health: -1/39      AC:  5    Str: 10 (12) XL:     5   Next: 59%
Magic:  3/8        EV: 11    Int: 11 (12) God:
Gold:   118        SH:  0    Dex: 12 (14) Spells: 7/8 levels left

rFire    . . .     SeeInvis .   a - +0 spear
rCold    . . .     Gourm    .   (no shield)
rNeg     . . .     Faith    .   p - +0 ring mail
rPois    .         Spirit   .   (no helmet)
rElec    .         Reflect  .   (no cloak)
rCorr    +         Harm     .   (no gloves)
MR       .....                  (no boots)
Stlth    +.........             (no amulet)
HPRegen  0.13/turn              j - ring of resist corrosion
MPRegen  0.11/turn              (no ring)

@: infused (expiring)
A: change form in water, swift swim, stealthy swim
a: no special abilities


You were on level 3 of the Dungeon.
You were not hungry.

You visited 1 branch of the dungeon, and saw 3 of its levels.

You collected 118 gold pieces.

Inventory:

Hand Weapons
 a - a +0 spear (weapon)
Armour
 b - a +0 leather armour
 f - a +0 chain mail
 p - a +0 ring mail (worn)
Jewellery
 j - a ring of resist corrosion (left hand)
Scrolls
 i - 3 scrolls of identify {unknown}
 k - a scroll of remove curse {unknown}
 l - a scroll of enchant weapon {unknown}
 n - 2 scrolls of teleportation {unknown}
 o - a scroll of enchant armour {unknown}
Potions
 m - a potion of cancellation {unknown}
Books
 c - a book of Battle

   Spells                             Type                      Level
   a - Infusion                       Charms                       1
   b - Shroud of Golubria             Charms/Translocation         2
   c - Song of Slaying                Charms                       2
   d - Spectral Weapon                Hexes/Charms                 3
   e - Regeneration                   Charms/Necromancy            3
Comestibles
 d - 4 rations


   Skills:
 + Level 2.7 Fighting
 + Level 4.8 Polearms
 + Level 2.0 Armour
 + Level 3.7 Dodging
 + Level 1.1 Stealth
 + Level 2.1 Spellcasting
 + Level 4.0 Charms


You had 7 spell levels left.
You knew the following spells:

 Your Spells              Type           Power        Failure   Level  Hunger
a - Infusion              Chrm           ##..         14%         1    ##.....


Dungeon Overview and Level Annotations

Branches:
Dungeon (3/15)

Altars:
Fedhas
Wu Jian
Zin

Annotations:
D:3 Grinder


Message History

You hit the gnoll.
The gnoll is severely wounded.
The bat hits you but does no damage. The gnoll misses you.
The gnoll hits you from afar with a spear!
You are too injured to fight recklessly!
You are too injured to fight recklessly!
You hit the gnoll.
You kill the gnoll!
The bat hits you but does no damage. The gnoll barely misses you.
The bat closely misses you.
Things that are here:
17 gold pieces; a gnoll corpse You completely miss the gnoll.
The bat barely misses you. The gnoll hits you with a spear!
* * * LOW HITPOINT WARNING * * *
You hit the gnoll.
The gnoll is moderately wounded.
Your magical infusion is running out.
The bat closely misses you. The gnoll hits you with a spear.
You die...

######### #.......#
#.......# #....<..#
#...@b..#
###########...g...#
##.................#
#....)..##.........#
##...###..#.#.......#
....## ##...#.......#
....# #...#.......#
..### ###..########
g## ##.#


You could see a gnoll and a bat.

Vanquished Creatures
  Jessica (D:2)
  2 gnolls (D:3)
  6 adders
  2 worms (D:2)
  3 dart slugs
  A leopard gecko (D:2)
  4 giant cockroaches (D:1)
  6 goblins
  12 hobgoblins
  5 jackals
  6 kobolds
  A quokka (D:2)
  A ball python (D:2)
  5 bats
  2 frilled lizards (D:2)
  9 rats
66 creatures vanquished.

Notes
Turn   | Place    | Note
-------+----------+-------------------------------------------
     0 | D:1      | Kairos the Merfolk Skald began the quest for the Orb.
     0 | D:1      | Reached XP level 1. HP: 16/16 MP: 3/3
   109 | D:1      | Reached XP level 2. HP: 15/22 MP: 5/5
   523 | D:1      | Reached XP level 3. HP: 27/27 MP: 6/6
   908 | D:2      | Found a blossoming altar of Fedhas.
  1094 | D:2      | Reached skill level 1 in Armour
  1958 | D:2      | Reached XP level 4. HP: 33/34 MP: 7/7
  2378 | D:2      | Noticed an angel
  2379 | D:2      | Found a glowing silver altar of Zin.
  2394 | D:2      | Noticed Jessica
  2399 | D:2      | Killed Jessica
  2616 | D:2      | Reached XP level 5. HP: 22/39 MP: 8/8
  2874 | D:3      | Found an ornate altar of the Wu Jian Council.
  2875 | D:3      | Noticed Grinder
  2948 | D:3      | Reached skill level 1 in Stealth
  3993 | D:3      | Slain by a gnoll

Skill      XL: |  1  2  3  4  5 |
---------------+----------------+-----
Dodging        | 3 |  3.7
Charms         | 4 |  4.0
Armour         | 1 2 |  2.0
Polearms       | 4 |  4.8
Stealth        | 1 |  1.1
Fighting       | |  2.7
Spellcasting   | |  2.1

Action                   |  1- 3 |  4- 6 || total
-------------------------+-------+-------++-------
Melee: Spear             |   234 |   173 ||   407
 Cast: Infusion          |       |     1 ||     1
  Use: Potion            |       |     3 ||     3
  Eat: Chunk             |     3 |     5 ||     8
       Ration            |       |     1 ||     1
Armor: Leather armour    |     3 |       ||     3
       Chain mail        |    92 |    37 ||   129
       Ring mail         |       |    47 ||    47
Dodge: Dodged            |    63 |   133 ||   196
